 Dungeon Crawl Stone Soup version 0.31-a0-1098-g6898e6545c (webtiles) character file.

Game seed: 1695336301759215130

301180 ChronoRanger the Conqueror (level 20, -13/216 HPs)
             Began as a Minotaur Fighter on Nov 30, 2023.
             Was the Champion of Trog.
             Mangled by a deep troll (14 damage)
             ... led by an ironbound preserver
             ... on level 3 of the Vaults.
             The game lasted 02:45:31 (45124 turns).

ChronoRanger the Conqueror (Minotaur Fighter)      Turns: 45124, Time: 02:45:32

Health: -13/216    AC: 39    Str: 38      XL:     20   Next: 18%
Magic:  11/19      EV: 15    Int:  5 (8)  God:    Trog [******]
Gold:   1776       SH:  0    Dex: 13      Spells: 19/19 levels left

rFire   + . .        J - +8 demon trident (flame)
rCold   . . .        W - +3 tower shield {reflect}
rNeg    . . .        n - +9 plate armour "Yreter" {rF- Str+3 Dex+2}
rPois   .            T - +1 hat
rElec   .            E - +1 cloak {Will+}
rCorr   .            r - +1 pair of gloves {hurl}
SInv    +            k - +2 pair of boots {rampage}
Will    +....        A - amulet "Cuilacve" {Faith Regen+ Slay+3} Stlth
                     L - ring of Jahosod {Fly rF++ Will- Int+3 SInv}
HPRegen 1.36/turn    x - +6 ring of strength
MPRegen 0.16/turn

%: reflection, rampage, faith
@: confused, marked, on berserk cooldown, flying, slowed, studying Shields,
invisible, very slow
A: horns 2, retaliatory headbutt
}: 2/15 runes: serpentine, barnacled
a: Renounce Religion, Berserk, Trog's Hand, Brothers in Arms


You were on level 3 of the Vaults.
You worshipped Trog.
Trog was exalted by your worship.
You visited 6 branches of the dungeon, and saw 33 of its levels.
You visited 1 bazaar.
You also visited: Ice Cave and Volcano.

You collected 3101 gold pieces.
You spent 1325 gold pieces at shops.

Inventory:

Hand Weapons
 s - the +5 spear "Undertaker" {freeze, rC+ rN+ rCorr}
   (You found it on level 5 of the Dungeon)

   rC+:       It protects you from cold.
   rN+:       It protects you from negative energy.
   rCorr:     It protects you from acid and corrosion.
 J - a +8 demon trident of flaming (weapon)
Missiles
 t - 2 throwing nets
 N - 9 javelins
 U - 3 silver javelins
Armour
 c - a +2 tower shield of cold resistance
 k - a +2 pair of boots of rampaging (worn)
 n - the +9 plate armour "Yreter" (worn) {rF- Str+3 Dex+2}
   (You found it on level 2 of the Vaults)

   Str+3:     It affects your strength (+3).
   Dex+2:     It affects your dexterity (+2).
   rF-:       It makes you vulnerable to fire.
 r - a +1 pair of gloves of hurling (worn)
 E - a +1 cloak of willpower (worn)
 O - a +2 plate armour of poison resistance
 T - a +1 hat (worn)
 W - a +3 tower shield of reflection (worn)
Jewellery
 a - a ring of resist corrosion
 d - the amulet "Caatapn" {RegenMP rPois Str+3 Dex+2}
   (You acquired it on level 2 of the Dungeon)

   [amulet of magic regeneration]

   RegenMP:   It increases your rate of magic regeneration.
   Str+3:     It affects your strength (+3).
   Dex+2:     It affects your dexterity (+2).
   rPois:     It protects you from poison
 x - a +6 ring of strength (right hand)
 A - the amulet "Cuilacve" (around neck) {Faith Regen+ Slay+3}
   (You bought it in a shop on level 5 of the Dungeon)

   [amulet of faith]

   Faith:     It allows you to gain divine favour quickly.
   Slay+3:    It affects your accuracy & damage with ranged weapons and melee
   (+3).
   Regen+:    It increases your rate of health regeneration.
 L - the ring of Jahosod (left hand) {Fly rF++ Will- Int+3 SInv}
   (You bought it in a shop on level 5 of the Dungeon)

   [ring of flight]

   Int+3:     It affects your intelligence (+3).
   rF++:      It greatly protects you from fire.
   Will-:     It decreases your willpower.
   SInv:      It lets you see invisible.
   Fly:       It grants you flight.
 Q - a ring of poison resistance
Wands
 b - a wand of mindburst (21)
 e - a wand of iceblast (26)
 i - a wand of flame (23) (quivered)
 j - a wand of digging (17)
 w - a wand of charming (24)
 M - a wand of quicksilver (8)
 V - a wand of polymorph (8)
Scrolls
 f - a scroll of enchant armour
 g - a scroll of revelation
 h - 7 scrolls of poison
 q - 6 scrolls of immolation
 v - 2 scrolls of fog
 B - 9 scrolls of fear
 F - 15 scrolls of identify
 G - 7 scrolls of teleportation
 R - a scroll of summoning
Potions
 l - 6 potions of heal wounds
 m - 3 potions of lignification
 o - 2 potions of resistance
 p - 5 potions of mutation
 u - 3 potions of enlightenment
 z - 11 potions of curing
 D - 6 potions of might
 H - 3 potions of invisibility
 I - 2 potions of haste


   Skills:
 O Level 27 Fighting
 - Level 14.0 Polearms
 + Level 21.8 Armour
 + Level 17.2 Dodging
 - Level 15.4 Shields
 - Level 3.0 Evocations


You had 19 spell levels left.
You didn't know any spells.
Your spell library contained the following spells:

 Spells                   Type           Power      Damage    Failure   Level
 Magic Dart               Conj           0%         1d3       95%         1
 Shock                    Conj/Air       0%         1d3       95%         1
 Summon Small Mammal      Summ           0%         N/A       95%         1
 Call Imp                 Summ           0%         N/A       99%         2
 Call Canine Familiar     Summ           0%         N/A       100%        3
 Mephitic Cloud           Conj/Pois/Air  0%         N/A       100%        3
 Summon Guardian Golem    Hex/Summ       0%         N/A       100%        3
 Swiftness                Air            0%         N/A       100%        3
 Tukima's Dance           Hex            0%         N/A       100%        3
 Airstrike                Air            0%         2d(0-16)  100%        4
 Passage of Golubria      Tloc           0%         N/A       100%        4
 Yara's Violent Unravell  Hex/Tmut       0%         3d3       100%        5


Dungeon Overview and Level Annotations

Branches:
Dungeon (15/15)            Temple (0/1) D:6            Lair (5/5) D:8
 Shoals (4/4) Lair:2        Snake (4/4) Lair:3        Slime (0/5) Lair:4
    Orc (2/2) D:9             Elf (0/3) Orc:2        Vaults (3/5) D:13
  Crypt (0/3) Vaults:2     Depths (0/4) D:15          IceCv (visited)
Volcano (visited)

Altars:
Fedhas
Trog
Yredelemnul

Shops:
D:1 !   D:3 (   D:5 :(=:!   D:10 *   Orc:2 [[*(   Snake:1 *   Snake:2 :
Vaults:1 :

Annotations:
Lair:5 exclusion: oklob plant
Orc:1 3 runed translucent doors, Dustruala's ghost, journeyman GrFi
Vaults:3 Norris


Innate Abilities, Weirdness & Mutations

You have a pair of horns on your head.
You reflexively headbutt those who attack you in melee.


Message History

The deep troll completely misses you. The deep troll closely misses you.
You feel much better.
The yaktaur shoots a bolt.
The bolt hits the deep troll.
The yaktaur shoots a bolt.
The bolt hits the deep troll!
The ironbound convoker barely misses you.
The ironbound thunderhulk hits you with a +0 dire flail.
* * * LOW HITPOINT WARNING * * *
The deep troll barely misses you.
The deep troll claws you but does no damage. x2
Norris calls down the wrath of his god upon you.
The torrent of water misses you.
The torrent of water hits the deep troll!!!
The wave splashes down.
The deep troll bites you but does no damage.
The deep troll claws you but does no damage.
The deep troll closely misses you.
The yaktaur shoots a bolt.
The bolt hits the deep troll!
The yaktaur shoots a bolt.
The bolt hits the deep troll!
The yaktaur shoots a bolt.
The bolt hits the deep troll!!
The ironbound convoker hits you with a +0 flail.
* * * LOW HITPOINT WARNING * * *
Okay, then.
You're too confused to aim your attacks!
You are too confused!
Unknown command.
Okay, then.
You feel much better.
The deep troll bites you but does no damage.
The deep troll claws you but does no damage. x2
Norris hits you with a +0 halberd!!
* * * LOW HITPOINT WARNING * * *
The deep troll barely misses you.
The deep troll completely misses you. x2
The yaktaur shoots a bolt.
The bolt hits the deep troll!
The yaktaur shoots a bolt.
The bolt hits the deep troll!
The ironbound thunderhulk hits you with a +0 dire flail!
* * * LOW HITPOINT WARNING * * *
The ironbound convoker closely misses you.
The ironbound preserver completely misses you.
The deep troll bites you but does no damage.
The deep troll misses you. The deep troll claws you!
You die...

.....................
.....................
..........J..........
..........J.........
...####'##..........
##....B##....####
#...#ccc##...#
####.###T####G.#
##.#...#T@@#.##g#
+......~pOp...#.#
#..#...#...#..#)#
#.###.###.###.#.#
#...#..#...#.(.#..#g#
#...#....>........#O#+#####
#...##.#...#...#.##p.......
#....####.###.####ccc......
#.....##...#...##.lp.......


You could see Norris (strong), an ironbound preserver (unable to see you), an
ironbound thunderhulk (strong, unable to see you), a boulder beetle (unable to
see you), 2 deep trolls, an ironbound convoker (sheltered, unable to see you)
and 3 yaktaurs.

Vanquished Creatures
  Mara (Shoals:3)
  Vashnia (Snake:4)
  Xtahua (Vaults:3)
  Nikola (Shoals:1)
  Jorgrun (D:13)
  Rupert (D:15)
  Polyphemus (Shoals:3)
  A kraken (Shoals:2)
  Agnes (D:14)
  Aizul (Vaults:1)
  Kirke (D:12)
  7 nagarajas
  A revenant (Vaults:2)
  A frost giant (IceCv)
  9 vault wardens
  4 orc warlords
  2 war gargoyles (Vaults:2)
  6 ironbound preservers
  2 formless jellyfish
  8 ironbound thunderhulks
  2 deep elf annihilators (Vaults:2)
  14 dire elephants
  A deep elf death mage (Vaults:3)
  6 merfolk impalers
  Snorg (D:14)
  A jiangshi (Vaults:2)
  3 merfolk javelineers
  2 quicksilver dragon zombies (D:15)
  2 entropy weavers (shapeshifter)
  Josephine (D:12)
  2 entropy weavers
  7 yaktaur captains
  8 hydras
  5 vault guards
  A peacekeeper (Vaults:2)
  Erolcha (D:10)
  3 great orbs of eyes
  3 ogre magi
  3 catoblepae
  A salamander tyrant (Snake:4)
  22 anacondas
  A merfolk avatar (Shoals:3)
  4 ironbound frosthearts
  8 centaur warriors
  6 boulder beetles
  3 merfolk aquamancers
  Erica (D:8)
  A sphinx skeleton (D:15)
  A satyr (Shoals:3)
  9 two-headed ogres
  2 tengu warriors
  11 shock serpents
  20 death yaks
  A deep troll earth mage (Vaults:2)
  18 naga sharpshooters
  5 orc high priests (Orc:2)
  17 naga warriors
  Urug (Orc:2)
  A vampire mage (D:15)
  Sonja (D:12)
  A hell knight (Volcano)
  10 skysharks
  3 salamander mystics (Snake:4)
  7 skeletal warriors (D:15)
  A shadow wraith (D:13)
  Lodul (D:12)
  10 sea snakes
  3 lindwurms (Vaults:1)
  6 deep trolls
  10 naga ritualists
  6 arcanists
  10 ironbound convokers
  3 necromancers
  A phantasmal warrior (Vaults:2)
  13 harpies
  7 orc knights
  16 mana vipers
  5 deep elf pyromancers
  7 fauns
  10 manticores
  14 ugly things
  Maurice (D:11)
  6 orc sorcerers (Orc:2)
  11 salamanders
  10 cyclopes
  An ice statue (IceCv)
  47 black mambas
  4 guardian serpents
  12 elephants
  8 merfolk sirens
  A smoke demon (Volcano)
  A torpor snail (Lair:4)
  4 water nymphs
  10 vault sentinels
  14 naga magi
  11 cane toads
  12 rime drakes
  3 kobold demonologists
  7 yaktaurs
  3 kobold blastminers
  9 komodo dragons
  2 red devils (Volcano)
  10 trolls
  2 tengu conjurers (D:15)
  2 freezing wraiths
  12 polar bears
  15 merfolk
  3 wind drakes
  8 blink frogs
  4 dream sheep (Shoals:2)
  Grinder (D:5)
  27 slime creatures
  9 snapping turtles
  6 water elementals
  2 shadows
  A vampire (D:14)
  60 yaks
  Eustachio (D:6)
  6 wraiths
  3 wyverns
  3 hogs (D:12)
  11 steam dragons
  2 redbacks
  5 fire bats (Volcano)
  5 basilisks
  4 vampire mosquitoes (D:12)
  4 wargs
  43 nagas
  22 water moccasins
  3 acid dragons
  3 hell hounds (Volcano)
  Duvessa (D:6)
  70 orc warriors
  2 sky beasts (D:7)
  2 black bears
  23 ogres
  An ogre (shapeshifter) (D:15)
  11 boggarts
  30 wolves
  3 centaurs
  2 kobold brigands
  10 bullfrogs
  A gnoll sergeant (D:11)
  A scorpion (D:4)
  4 wights (D:6)
  Dowan (D:6)
  3 killer bees (D:9)
  2 howler monkeys
  9 electric eels
  6 lava snakes (Volcano)
  5 hounds
  A jelly (D:6)
  28 orc priests
  Crazy Yiuf (D:6)
  A sleepcap (D:4)
  23 orc wizards
  A gnoll bouda (D:10)
  3 iguanas
  4 hell rats (Lair:4)
  6 adders
  8 gnolls
  4 shadow imps
  A white imp (D:5)
  2 ufetubi (D:5)
  A worm (D:2)
  2 dart slugs
  107 orcs
  4 giant cockroaches
  6 goblins
  11 hobgoblins
  9 jackals
  5 quokkas
  7 ball pythons
  4 bats (D:1)
  18 kobolds
  5 rats
  A tentacle (Shoals:2)
1299 creatures vanquished.

Vanquished Creatures (others)
  A manticore (Shoals:2)
  A wolf (IceCv)
  An electric eel (Snake:1)
  An orc priest (Orc:2)
  2 orcs (Orc:2)
  8 tentacles (Shoals:2)
14 creatures vanquished.

Grand Total: 1313 creatures vanquished

Notes
Turn   | Place    | Note
-------+----------+-------------------------------------------
     0 | D:1      | ChronoRanger the Minotaur Fighter began the quest for the
                  | Orb.
     0 | D:1      | Reached XP level 1. HP: 19/19 MP: 0/0
   133 | D:1      | Reached XP level 2. HP: 24/27 MP: 1/1
   289 | D:1      | Reached skill level 4 in Fighting
   381 | D:1      | Reached XP level 3. HP: 33/33 MP: 2/2
   467 | D:1      | Found Batuul's Distillery.
   883 | D:2      | You fall into a shaft and drop 2 floors!
  1012 | D:4      | Noticed an ogre
  1019 | D:4      | Killed an ogre
  1020 | D:4      | Reached XP level 4. HP: 18/41 MP: 3/3
  1136 | D:4      | Reached XP level 5. HP: 47/47 MP: 4/4
  1605 | D:2      | Found a blossoming altar of Fedhas.
  1687 | D:2      | Identified a scroll of acquirement
  1687 | D:2      | Acquired the amulet "Caatapn" {RegenMP rPois Str+3 Dex+2}
  1986 | D:3      | Found Taudyps's Antique Weapon Emporium.
  2180 | D:3      | Found a blossoming altar of Fedhas.
  2429 | D:4      | Reached skill level 5 in Polearms
  2431 | D:4      | Reached skill level 5 in Armour
  2431 | D:4      | Reached XP level 6. HP: 55/55 MP: 5/5
  2440 | D:4      | Reached skill level 5 in Fighting
  2582 | D:4      | Reached skill level 5 in Shields
  2700 | D:5      | Entered Level 5 of the Dungeon
  2800 | D:5      | Noticed Grinder
  2815 | D:5      | Killed Grinder
  2816 | D:5      | Reached XP level 7. HP: 31/62 MP: 6/6
  3085 | D:5      | Identified the +5 spear "Undertaker" {freeze, rC+ rN+
                  | rCorr}
  3124 | D:5      | Found Xousuggueh's Book Boutique.
  3133 | D:5      | Found Syafryva's Distillery.
  3148 | D:5      | Bought a potion of degeneration for 14 gold pieces
  3148 | D:5      | Bought a potion of heal wounds for 70 gold pieces
  3183 | D:5      | Found Duyw's Jewellery Shoppe.
  3206 | D:5      | Noticed a +0 executioner's axe
  3208 | D:5      | Found Saanyph's Weapon Boutique.
  3211 | D:5      | Noticed a +0 lajatang
  3282 | D:5      | Found a transporter.
  3282 | D:5      | Found Los Pepp's Book Boutique.
  3286 | D:5      | Found a transporter.
  3520 | D:5      | Reached skill level 6 in Fighting
  3621 | D:5      | Found a bloodstained altar of Trog.
  3621 | D:5      | Found a basalt altar of Yredelemnul.
  3631 | D:5      | Became a worshipper of Trog the Wrathful
  3825 | D:6      | Found a staircase to the Ecumenical Temple.
  4084 | D:6      | Noticed Duvessa
  4085 | D:6      | Noticed Dowan
  4096 | D:6      | Killed Duvessa
  4105 | D:6      | Killed Dowan
  4287 | D:6      | Reached XP level 8. HP: 71/71 MP: 7/7
  4712 | D:6      | Noticed Eustachio
  4771 | D:6      | Killed Eustachio
  4772 | D:6      | Reached skill level 7 in Fighting
  4913 | D:6      | Found a runed translucent door.
  4914 | D:6      | Noticed Crazy Yiuf
  5059 | D:6      | Killed Crazy Yiuf
  5287 | D:7      | Reached * piety under Trog
  5297 | D:7      | Reached XP level 9. HP: 75/80 MP: 8/8
  5368 | D:7      | Reached skill level 10 in Polearms
  5381 | D:7      | Reached skill level 8 in Fighting
  6060 | D:8      | Noticed Erica
  6065 | D:8      | Killed Erica
  6404 | D:8      | Reached skill level 9 in Fighting
  6476 | D:8      | Found a staircase to the Lair.
  6924 | D:9      | Reached ** piety under Trog
  6990 | D:9      | Reached XP level 10. HP: 74/91 MP: 9/9
  7476 | D:9      | Found a staircase to the Orcish Mines.
  7955 | D:10     | Entered Level 10 of the Dungeon
  7955 | D:10     | Found Rimigir's Assorted Antiques.
  7959 | D:10     | Noticed a two-headed ogre
  7976 | D:10     | Killed a two-headed ogre
  8104 | D:10     | Noticed Erolcha
  8122 | D:10     | Killed Erolcha
  8123 | D:10     | Reached skill level 10 in Fighting
  8123 | D:10     | Reached skill level 10 in Armour
  9501 | D:11     | Reached skill level 1 in Dodging
  9520 | D:11     | Noticed Maurice
  9650 | D:11     | Reached *** piety under Trog
  9745 | D:11     | Noticed a boulder beetle
  9763 | D:11     | Killed a boulder beetle
  9764 | D:11     | Reached skill level 11 in Fighting
  9764 | D:11     | Reached XP level 11. HP: 102/102 MP: 10/10
  9883 | D:11     | Killed Maurice
 10021 | D:11     | Reached skill level 5 in Dodging
 10530 | D:11     | Reached skill level 12 in Fighting
 10778 | Lair:1   | Entered Level 1 of the Lair of Beasts
 10912 | Lair:1   | Found a dark tunnel.
 10922 | Volcano  | Entered a volcano
 11450 | Volcano  | Found a radiant altar of Vehumet.
 11470 | Volcano  | Noticed a hell knight
 11487 | Volcano  | Killed a hell knight
 11488 | Volcano  | Reached skill level 13 in Fighting
 11611 | Volcano  | Found a bloodstained altar of Trog.
 11735 | Lair:1   | Reached **** piety under Trog
 12167 | Lair:1   | Reached XP level 12. HP: 116/116 MP: 11/11
 12173 | Lair:1   | Noticed a catoblepas
 12181 | Lair:1   | Killed a catoblepas
 12186 | Lair:1   | Reached skill level 14 in Fighting
 12878 | Lair:1   | Reached skill level 10 in Dodging
 13132 | Lair:2   | Noticed a seven-headed hydra
 13141 | Lair:2   | Killed a seven-headed hydra
 13146 | Lair:2   | Reached skill level 15 in Fighting
 13210 | Lair:2   | Found a staircase to the Shoals.
 14438 | D:5      | Bought the ring of Jahosod {Fly rF++ Will- Int+3 SInv} for
                  | 483 gold pieces
 14678 | Lair:3   | Noticed a four-headed hydra
 14683 | Lair:3   | Killed a four-headed hydra
 14742 | Lair:3   | Reached skill level 16 in Fighting
 14828 | Lair:3   | Noticed a death yak
 14828 | Lair:3   | Noticed a death yak
 14838 | Lair:3   | Noticed a death yak
 14840 | Lair:3   | Noticed a death yak
 14845 | Lair:3   | Noticed a death yak
 14855 | Lair:3   | Killed a death yak
 14856 | Lair:3   | Reached XP level 13. HP: 118/128 MP: 12/12
 15139 | Lair:3   | Reached ***** piety under Trog
 15264 | Lair:3   | Reached skill level 17 in Fighting
 15708 | Lair:3   | Found a staircase to the Snake Pit.
 16275 | Lair:4   | You are sucked into a shaft and drop 1 floor!
 16275 | Lair:5   | Entered Level 5 of the Lair of Beasts
 16489 | Lair:5   | Reached skill level 18 in Fighting
 16616 | Lair:4   | Reached skill level 15 in Armour
 16616 | Lair:4   | Reached XP level 14. HP: 73/144 MP: 13/13
 16798 | Lair:4   | Received a gift from Trog
 17204 | Lair:4   | Reached skill level 19 in Fighting
 17243 | Lair:4   | Reached skill level 1 in Evocations
 17562 | Lair:4   | Found a staircase to the Slime Pits.
 18056 | Orc:1    | Entered Level 1 of the Orcish Mines
 18345 | Orc:1    | Found a runed translucent gate.
 18345 | Orc:1    | Found a runed translucent gate.
 18345 | Orc:1    | Found a runed translucent gate.
 18352 | Orc:1    | Noticed Dustruala's ghost (journeyman GrFi)
 18470 | Orc:2    | Entered Level 2 of the Orcish Mines
 18591 | Orc:2    | Noticed Urug
 18605 | Orc:2    | Killed Urug
 19194 | Orc:1    | Noticed an orc warlord
 19265 | Orc:2    | Killed an orc warlord
 19831 | Orc:2    | Found Isool's Weapon Boutique.
 19882 | Orc:2    | Found Kukew's Assorted Antiques.
 19886 | Orc:2    | Reached ****** piety under Trog
 19887 | Orc:2    | Received a gift from Trog
 20438 | Orc:2    | Found a staircase to the Elven Halls.
 20663 | Orc:2    | Reached skill level 20 in Fighting
 20729 | Orc:2    | Noticed an orc warlord
 20753 | Orc:2    | Killed an orc warlord
 21004 | Orc:2    | Found Syufeimm's Armour Boutique.
 21299 | Orc:2    | Found Deuheur's Armour Emporium.
 21762 | Orc:2    | Reached XP level 15. HP: 142/155 MP: 14/14
 22009 | Snake:1  | Entered Level 1 of the Snake Pit
 22429 | Snake:1  | Received a gift from Trog
 23106 | Snake:1  | Found Ydghisch's General Store.
 23967 | Snake:2  | Found Ejieff's Vocational Training.
 24158 | Snake:2  | Reached skill level 21 in Fighting
 24408 | Snake:2  | Reached skill level 10 in Shields
 24834 | Snake:2  | Received a gift from Trog
 25559 | Snake:3  | Noticed a nagaraja
 25574 | Snake:3  | Killed a nagaraja
 25575 | Snake:3  | Reached XP level 16. HP: 150/167 MP: 15/15
 26772 | Snake:4  | Entered Level 4 of the Snake Pit
 26957 | Snake:4  | Received a gift from Trog
 26982 | Snake:4  | Reached skill level 22 in Fighting
 27543 | Snake:4  | Reached skill level 15 in Shields
 27625 | Snake:4  | Reached skill level 23 in Fighting
 27666 | Snake:4  | Received a gift from Trog
 28391 | Snake:4  | Reached XP level 17. HP: 180/180 MP: 16/16
 28562 | Snake:4  | Noticed Vashnia
 28666 | Snake:4  | Killed Vashnia
 29043 | Snake:4  | Reached skill level 24 in Fighting
 29196 | Snake:4  | Got a serpentine rune of Zot
 29624 | Shoals:1 | Entered Level 1 of the Shoals
 30047 | Shoals:1 | Noticed Nikola
 30060 | Shoals:1 | Killed Nikola
 30342 | Shoals:1 | Received a gift from Trog
 30638 | Shoals:2 | Noticed a kraken
 30666 | Shoals:2 | Killed a kraken
 31245 | Shoals:2 | Reached skill level 25 in Fighting
 31736 | Shoals:2 | Received a gift from Trog
 32174 | Shoals:3 | Noticed Polyphemus
 32185 | Shoals:3 | Killed Polyphemus
 32199 | Shoals:3 | Reached skill level 26 in Fighting
 32693 | Shoals:3 | Noticed Mara
 32717 | Shoals:3 | Noticed ChronoRanger's illusion
 32722 | Shoals:3 | Killed Mara
 33173 | Shoals:4 | Entered Level 4 of the Shoals
 33402 | Shoals:4 | Reached XP level 18. HP: 150/199 MP: 17/17
 33831 | Shoals:4 | Received a gift from Trog
 33849 | Shoals:4 | Got a barnacled rune of Zot
 34309 | D:12     | Reached skill level 27 in Fighting
 34437 | D:12     | Noticed Kirke
 34470 | D:12     | Killed Kirke
 34519 | D:12     | Noticed Sonja
 34529 | D:12     | Killed Sonja
 34557 | D:12     | Noticed Josephine
 34576 | D:12     | Killed Josephine
 34690 | D:12     | Noticed Lodul
 34707 | D:12     | Killed Lodul
 34871 | D:12     | Found a frozen archway.
 34881 | IceCv    | Entered an ice cave
 36113 | D:13     | Noticed Jorgrun
 36127 | D:13     | Killed Jorgrun
 36914 | Orc:2    | Bought a +1 tower shield of reflection for 162 gold pieces
 37081 | D:5      | Bought the amulet "Cuilacve" {Faith Regen+ Slay+3} for 596
                  | gold pieces
 37507 | D:13     | Found a gate to the Vaults.
 37549 | D:13     | Received a gift from Trog
 38101 | D:14     | Identified the +1 chain mail of a sewer {rF+ rN+ Str+4}
 38110 | D:14     | Noticed Snorg
 38121 | D:14     | Killed Snorg
 38394 | D:14     | Noticed Agnes
 38398 | D:14     | Killed Agnes
 38654 | D:15     | Entered Level 15 of the Dungeon
 38715 | D:15     | Noticed Rupert
 38736 | D:15     | Killed Rupert
 39630 | D:15     | Found a staircase to the Depths.
 39895 | D:15     | Received a gift from Trog
 40205 | Vaults:1 | Entered Level 1 of the Vaults
 40205 | Vaults:1 | Found Hyastred's Book Shoppe.
 40242 | Vaults:1 | Reached XP level 19. HP: 207/207 MP: 18/18
 40664 | Vaults:1 | Identified the serpent talisman of the Evil One {rCorr
                  | Str+4}
 40664 | Vaults:1 | Noticed Aizul
 40682 | Vaults:1 | Killed Aizul
 40838 | Vaults:1 | Received a gift from Trog
 41294 | Vaults:1 | Reached skill level 15 in Dodging
 41751 | Vaults:1 | Received a gift from Trog
 42498 | Vaults:2 | Found a flickering gateway to a bazaar.
 42523 | Bazaar   | Entered a bazaar
 42532 | Bazaar   | Found Wyamala's Armour Shoppe.
 42541 | Bazaar   | Found Kinazil's Antique Armour Shoppe.
 42553 | Bazaar   | Found Buyrypp's Book Boutique.
 42555 | Bazaar   | Found Vakir's Distillery.
 42561 | Bazaar   | Found Vutesok's Distillery.
 43330 | Vaults:2 | Found a staircase to the Crypt.
 43339 | Vaults:2 | Received a gift from Trog
 43640 | Vaults:2 | Identified the +9 plate armour "Yreter" {rF- Str+3 Dex+2}
 44511 | Vaults:2 | Received a gift from Trog
 44856 | Vaults:3 | Noticed Xtahua
 44870 | Vaults:3 | Killed Xtahua
 44871 | Vaults:3 | Reached XP level 20. HP: 206/216 MP: 19/19
 45097 | Vaults:3 | Noticed Norris
 45124 | Vaults:3 | HP: 1/216 [ironbound thunderhulk/+0 dire flail (15)]
 45124 | Vaults:3 | Mangled by a deep troll

Illustrated notes

Levels and vault maps discovered:
D:1:      sevenhm_arrival_forest_fort_large_4, layout_basic, serial_shops, shop
D:2:      layout_loops_ring, basic_altar
D:3:      layout_rooms, lemuel_tele_altar, serial_shops, nicolae_shop_tiny_glass
D:4:      layout_rooms
D:5:      nicolae_cairo_tiling_large_dashed, layout_cave_pools,
          gammafunk_temple_overflow_pools, serial_park, serial_park_tiny_1,
          serial_park_tiny_2, serial_shops, shop, shop, nicolae_shop_mannequins,
          nicolae_shop_drivethru, shop, minmay_misc_feat_square,
          kennysheep_another_room, serial_bayou_pond_d, grunt_decor_clamped,
          uniq_grinder
D:6:      layout_loops_cross, minmay_temple_entry_glassed_door,
          grunt_ministairs_3, nrook_pool_corridor, uniq_eustachio,
          uniq_crazy_yiuf_cottage, uniq_duvessa
D:7:      layout_basic
D:8:      layout_basic, lair_entry_dummy, serial_library_hellmonk_long_bookcase,
          bh_walls_and_bars, uniq_erica
D:9:      layout_irregular_city, david_orc_3
D:10:     layout_stronghold, serial_shops,
          nicolae_shop_temple_entry_statues_fountains, uniq_erolcha
D:11:     layout_gridville, uniq_maurice
D:12:     layout_small_grid, portal_ice_cave_entry_pillars_1,
          nicolae_splish_splash, uniq_josephine, uniq_lodul, uniq_sonja,
          uniq_kirke
D:13:     layout_roguey, david_vaults_4, chequers_serial_rivers_micro_b,
          uniq_jorgrun
D:14:     layout_basic, uniq_snorg, uniq_agnes
D:15:     gammafunk_depths_entry_grave, layout_gridville, special_room
          [special_room_orc], minmay_misc_feat_pillars, uniq_rupert
Lair:1:   layout_chaotic_city, lightli_volcano_entry_magma_tube,
          chequers_serial_rivers_micro_a, hangedman_lair_generics_rect
Lair:2:   layout_cave_pods, minmay_shoals_entry_hut, grunt_megastairs_1
Lair:3:   layout_regular_city, minmay_snake_entry_six_corridors,
          bobbens_dragon_lair_wall
Lair:4:   layout_long_grid, slime_entry_1
Lair:5:   minmay_lair_end_enchanted_forest, layout_cave_shapes,
          grunt_forest_small_clearings, chequers_serial_rivers_small_3
Shoals:1: layout_shoals, uniq_nikola
Shoals:2: layout_shoals, hangedman_shoals_cup_caves
Shoals:3: layout_shoals, uniq_mara, uniq_polyphemus
Shoals:4: shoals_end_simple, layout_shoals
Snake:1:  layout_rooms, serial_shops, shop, serial_bayou_lake_a,
          serial_bayou_shore_a, grunt_megastairs_5, serial_bayou_shore_b
Snake:2:  layout_gridlike, nicolae_shop_vocational
Snake:3:  layout_gridlike
Snake:4:  johnstein_snake_rune_scales, layout_cave_town,
          nicolae_snake_gridmaze_entwining
Orc:1:    layout_caves, gammafunk_ghost_necromancy
Orc:2:    pubby_orc_utopia, uniq_urug
Vaults:1: hangedman_vaults_stream, nicolae_vaults_an_arrangement,
          nicolae_vaults_what_the_h, v_misc_28, v_misc_15, v_misc_19,
          vaults_dpeg_encased_lava, nicolae_vaults_border_crossing,
          ontoclasm_vaults_chip, nicolae_vaults_variable_pillar_hall,
          nicolae_vaults_double_plus_1, nicolae_vaults_little_squares_6,
          layout_vaults_omnigrid, serial_shops, shop, uniq_aizul
Vaults:2: nicolae_vaults_rhombus_5, nicolae_vaults_more_shelving_1,
          vaults_room_fancy_cross, hangedman_vaults_stretched_pinwheel,
          vaults_dpeg_hooks, nicolae_vaults_little_squares_1,
          dpeg_vaults_monster_box, v_misc_2, minmay_crypt_entry_simple_sparse,
          nicolae_vaults_library_corner, nicolae_vaults_network_star,
          nicolae_vaults_house_1, v_misc_9, layout_vaults_ring, serial_shops,
          bzr_entry_gold
Vaults:3: nicolae_vaults_circle_grid_b, nicolae_vaults_house_3,
          nicolae_vaults_storage_room_statues, nicolae_vaults_alarming,
          nicolae_vaults_sealed_display, v_misc_30, vaults_room_guarded_vault,
          vaults_mumra_hex, v_misc_18, nicolae_vaults_rhombus_6,
          nicolae_vaults_swerve, v_pattern_4, nicolae_vaults_tetromino_L_1,
          layout_vaults_big_room, uniq_xtahua, uniq_norris, uniq_margery

Skill      XL: |  1  2  3  4  5  6  7  8  9 10 11 12 13 14 15 16 17 18 19 20 |
---------------+-------------------------------------------------------------+-----
Polearms       | 3 4 5 6 7 9 12 14 | 14.0
Fighting       | 4 5 6 7 9 11 13 16 18 20 21 23 26 27 | 27.0
Armour         | 4 5 6 7 9 10 12 15 16 18 21 | 21.8
Shields        | 4 5 11 15 | 15.4
Dodging        | 3 8 10 11 14 16 17 | 17.2
Evocations     | 3 |  3.0

Action                     |  1- 3 |  4- 6 |  7- 9 | 10-12 | 13-15 | 16-18 | 19-21 || total
---------------------------+-------+-------+-------+-------+-------+-------+-------++-------
  Melee: Trident           |   106 |    86 |     8 |       |       |       |       ||   200
         Headbutt          |    12 |     9 |    41 |    78 |   175 |   271 |   186 ||   772
         Spear             |       |       |   259 |   340 |       |       |       ||   599
         Demon trident     |       |       |       |   202 |  1086 |  1533 |   661 ||  3482
 Invoke: Berserk           |       |       |     1 |     6 |     5 |     7 |     6 ||    25
         Trog's Hand       |       |       |       |     1 |       |       |       ||     1
  Evoke: Wand              |       |       |     1 |     1 |    10 |     3 |       ||    15
    Use: Scroll            |     3 |     8 |     7 |     8 |     3 |    11 |     3 ||    43
         Potion            |     1 |       |     1 |     1 |       |     3 |     5 ||    11
   Stab: Invisible         |       |       |       |     4 |       |       |       ||     4
 Armour: Scale mail        |    40 |    26 |    27 |       |       |       |       ||    93
         Chain mail        |       |       |    57 |       |       |       |       ||    57
         Plate armour      |       |       |     4 |   205 |   541 |   428 |   283 ||  1461
  Dodge: Dodged            |    36 |    34 |    80 |   195 |   313 |   191 |   146 ||   995
  Block: Buckler           |    20 |    15 |    29 |    57 |   124 |       |       ||   245
         Reflection        |       |     1 |       |       |    10 |   148 |    34 ||   193
         Tower shield      |       |       |       |       |   118 |  1234 |   459 ||  1811

Table legend: (Time is in decaauts)
 A = Elapsed time spent in this place.
 B = Non-inter-level travel time spent in this place.
 C = Inter-level travel time spent in this place.
 D = Time resting spent in this place.
 E = Time spent auto-exploring this place.
 F = Levels seen in this place.
 G = Mean time per level.
                   A        B        C        D        E       F      G
               +--------+--------+--------+--------+--------+-----+--------+
         Total |  44039 |  41177 |   2862 |   9091 |   7338 |  36 | 1223.3 |
       Dungeon |  16040 |  14464 |   1576 |   1954 |   3486 |  15 | 1069.3 |
          Lair |   6390 |   5916 |    474 |   1389 |   1093 |   5 | 1278.0 |
        Shoals |   4316 |   4110 |    206 |    603 |    660 |   4 | 1079.0 |
     Snake Pit |   7336 |   7157 |    179 |   2793 |    608 |   4 | 1834.0 |
  Orcish Mines |   3672 |   3459 |    213 |    879 |    557 |   2 | 1836.0 |
        Vaults |   4652 |   4439 |    213 |   1091 |    537 |   3 | 1550.7 |
        Bazaar |     77 |     77 |      0 |      0 |     42 |   1 |   77.0 |
      Ice Cave |    846 |    846 |      0 |     31 |    334 |   1 |  846.0 |
       Volcano |    707 |    707 |      0 |    349 |     21 |   1 |  707.0 |
               +--------+--------+--------+--------+--------+-----+--------+

Top non-repeatable levels by time:
   Orc:2: 3026 daAuts
 Snake:4: 2540 daAuts
Vaults:1: 2380 daAuts
Vaults:2: 2006 daAuts
 Snake:1: 1958 daAuts
  Lair:3: 1724 daAuts
    D:10: 1640 daAuts
     D:9: 1578 daAuts
  Lair:2: 1549 daAuts
  Lair:1: 1502 daAuts
 Snake:2: 1481 daAuts
Shoals:2: 1387 daAuts
 Snake:3: 1356 daAuts
    D:15: 1346 daAuts
     D:6: 1343 daAuts
